 Dungeon Crawl Stone Soup version 0.19.0-11-g3fc08b3 (webtiles) character file.

242 emikaela the Shooter (level 5, -3/33 HPs)
             Began as a Deep Elf Hunter on Nov 9, 2016.
             Was an Initiate of Vehumet.
             Slain by Philosophy's ghost (5 damage)
             ... on level 4 of the Dungeon.
             The game lasted 00:11:43 (3450 turns).

emikaela the Shooter (Deep Elf Hunter)              Turns: 3450, Time: 00:11:44

Health: -3/33      AC:  4    Str:  9    XL:     5   Next: 81%
Magic:  10/10      EV: 18    Int: 16    God:    Vehumet [......]
Gold:   47         SH:  0    Dex: 21    Spells: 2 memorised, 5 levels left

rFire  . . .     SeeInvis .     a - +1 shortbow
rCold  . . .     Gourm    .     c - +0 leather armour
rNeg   . . .     Faith    .     (shield currently unavailable)
rPois  .         Spirit   .     o - +0 helmet
rElec  .         Reflect  .     (no cloak)
rCorr  .         Harm     .     (no gloves)
MR     +....                    (no boots)
Stlth  +++.......               g - amulet of rage
                                (no ring)
                                F - ring of protection from magic

@: agile, very slightly contaminated, hasted, very quick
A: no striking features
a: Renounce Religion, Evoke Berserk Rage


You were on level 4 of the Dungeon.
You worshipped Vehumet.
Vehumet was noncommittal.
You were not hungry.

You visited 1 branch of the dungeon, and saw 4 of its levels.

You collected 149 gold pieces.
You spent 102 gold pieces at shops.

Inventory:

Hand Weapons
 a - a +1 shortbow (weapon)
 b - a +0 short sword
Missiles
 d - 34 arrows (quivered)
 e - 47 stones
 l - 30 bolts
 y - 26 sling bullets
 E - 20 poisoned needles
Armour
 c - a +0 leather armour (worn)
 o - a +0 helmet (worn)
 G - the +1 chain mail "Plog" {MP+9 Int-5 Dex+4, unknown}
   (You found it on level 4 of the Dungeon)

   It affects your intelligence (-5).
   It affects your dexterity (+4).
   It affects your magic capacity (+9).
Jewellery
 g - an amulet of rage (around neck)
 F - a ring of protection from magic (left hand)
Wands
 H - a wand of random effects (16/48)
Scrolls
 n - 3 scrolls of teleportation {unknown}
 q - 2 scrolls of remove curse
 r - a scroll of immolation {unknown}
 s - a scroll of blinking {unknown}
 t - a scroll of amnesia {unknown}
 w - 4 scrolls of enchant armour {unknown}
 D - 3 scrolls of magic mapping
 I - a scroll of enchant weapon {unknown}
Potions
 j - 3 potions of curing
 m - a potion of mutation {unknown}
 p - a potion of brilliance
 z - 2 potions of heal wounds {unknown}
 B - a potion of magic {unknown}
Books
 C - a book of Conjurations
Comestibles
 f - 2 bread rations
 h - 5 meat rations
 i - a slice of pizza
 k - 3 fruits
 u - 2 beef jerkies
 x - 5 chunks of flesh


   Skills:
 - Level 4.1 Fighting
 - Level 4.7 Bows
 - Level 2.4 Dodging
 - Level 1.2 Stealth
 + Level 2.2 Spellcasting
 * Level 2.5 Conjurations


You had 5 spell levels left.
You knew the following spells:

 Your Spells              Type           Power        Failure   Level  Hunger
a - Magic Dart            Conj           #...         12%         1    #......
s - Searing Ray           Conj           #.....       17%         2    ###....


Dungeon Overview and Level Annotations

Branches:
Dungeon (4/15)
 Temple: D:4-7

Altars:
Ru
Vehumet

Shops:
D:4 ?*

Annotations:
D:4 exclusion: ogre, Philosophy's ghost, amateur CeHu


Message History

You shoot an arrow.
The arrow barely misses Philosophy's ghost.
Philosophy's ghost whispers, "The ORB doesn't exist."
Philosophy's ghost completely misses you.
The howler monkey closely misses you.
Firing (i - inventory. (,) - cycle):
d - 36 arrows (quivered)
Press: ? - help, Shift-Dir - straight line, f/p - Philosophy's ghost
Aim: Philosophy's ghost (almost destroyed)
You shoot an arrow.
The arrow barely misses Philosophy's ghost.
The worker ant closely misses you. Philosophy's ghost hits you!
* * * LOW HITPOINT WARNING * * *
Firing (i - inventory. (,) - cycle):
d - 35 arrows (quivered)
Press: ? - help, Shift-Dir - straight line, f/p - Philosophy's ghost
Aim: Philosophy's ghost (almost destroyed)
You shoot an arrow.
The arrow closely misses Philosophy's ghost.
The howler monkey hits you but does no damage.
The worker ant misses you. Philosophy's ghost hits you.
You die...

##########################
...........)....@W.......
...#..##.##.....ah#.##.####
.............≈.≈...........
#...........≈≈.≈≈..(.(.....
##..#.##.##.≈≈∩≈≈(l...((...
#...#.##.##.≈≈≈≈≈...##.....
..#.#.##.##..≈≈≈.#..# .#.#
.##...##.##..###.#..# ...
..##..##.##..# #..#.# .#


You could see a howler monkey, a worker ant, Philosophy's ghost and a frilled
lizard.

Vanquished Creatures
  2 hounds
  Natasha (twice) (D:2 D:3)
  A worker ant (D:4)
  A howler monkey skeleton (D:4)
  3 adders
  An ooze (D:1)
  2 worms
  4 dart slugs (D:1)
  2 leopard geckos
  A ball python (D:2)
  4 giant cockroaches
  6 goblins
  12 hobgoblins
  11 kobolds
  2 bats
  3 frilled lizards
  3 rats
60 creatures vanquished.

Notes
Turn   | Place    | Note
-------+----------+-------------------------------------------
     0 | D:1      | emikaela the Deep Elf Hunter began the quest for the Orb.
     0 | D:1      | Reached XP level 1. HP: 12/12 MP: 3/3
   373 | D:1      | Reached XP level 2. HP: 17/17 MP: 4/4
   649 | D:1      | Reached XP level 3. HP: 19/22 MP: 5/5
  1334 | D:2      | Noticed Natasha
  1337 | D:2      | Killed Natasha
  1337 | D:2      | Reached XP level 4. HP: 19/29 MP: 6/6
  1756 | D:2      | Found a sacrificial altar of Ru.
  2213 | D:3      | Noticed Natasha
  2597 | D:3      | Reached XP level 5. HP: 33/33 MP: 7/7
  2640 | D:3      | Found a radiant altar of Vehumet.
  2705 | D:3      | Became a worshipper of Vehumet
  2708 | D:3      | Learned a level 1 spell: Magic Dart
  2711 | D:3      | Learned a level 2 spell: Searing Ray
  2829 | D:3      | Killed Natasha
  2829 | D:3      | Reached skill level 1 in Conjurations
  2904 | D:3      | Reached skill level 1 in Spellcasting
  3178 | D:3      | Noticed a centaur
  3207 | D:4      | Found Sima Qul's Magic Scroll Shoppe.
  3210 | D:4      | Bought a scroll of identify for 24 gold pieces
  3210 | D:4      | Bought a scroll of magic mapping for 42 gold pieces
  3210 | D:4      | Bought a scroll of remove curse for 36 gold pieces
  3296 | D:4      | Got a dazzling chain mail
  3338 | D:4      | Noticed an ogre
  3398 | D:4      | Found Digosmedgh's General Store.
  3430 | D:4      | Noticed Philosophy's ghost (amateur CeHu)
  3450 | D:4      | Slain by Philosophy's ghost

Skill      XL: |  1  2  3  4  5 |
---------------+----------------+-----
Fighting       | 2 3 4 |  4.1
Conjurations   | 2 |  2.5
Spellcasting   | 2 |  2.2
Bows           | |  4.7
Dodging        | |  2.4
Stealth        | |  1.2

Action                   |  1- 3 |  4- 6 || total
-------------------------+-------+-------++-------
Melee: Short sword       |    58 |    32 ||    90
 Fire: Shortbow          |    44 |    94 ||   138
  Use: Scroll            |       |     3 ||     3
       Potion            |       |     2 ||     2
 Stab: Sleeping          |     1 |     2 ||     3
  Eat: Chunk             |     1 |     7 ||     8
Armor: Leather armour    |    13 |    10 ||    23
Dodge: Dodged            |    37 |    43 ||    80
